 Dungeon Crawl Stone Soup version 0.21-a0-94-gdd6ab6a (webtiles) character file.

153 Ordine the Cudgeler (level 5, 3/32 HPs)
             Began as a Gargoyle Fighter on July 3, 2017.
             Quit the game on level 4 of the Dungeon.
             The game lasted 00:07:06 (2734 turns).

Ordine the Cudgeler (Gargoyle Fighter)              Turns: 2734, Time: 00:07:07

Health: 3/32       AC: 14    Str: 20    XL:     5   Next: 35%
Magic:  5/5        EV:  7    Int:  8    God:
Gold:   211        SH:  0    Dex: 10    Spells: 4/4 levels left

rFire    . . .     SeeInvis .   a - +0 flail
rCold    . . .     Gourm    .   c - +1 shield
rNeg     + . .     Faith    .   b - +0 scale mail
rPois    ∞         Spirit   .   g - +0 helmet
rElec    +         Reflect  .   h - +0 cloak
rCorr    .         Harm     .   (no gloves)
MR       .....                  l - +0 pair of boots
Stlth    ..........             (no amulet)
HPRegen  0.10/turn              (no ring)
MPRegen  0.09/turn              (no ring)

@: confused
A: negative energy resistance 1, electricity resistance, unbreathing,
petrification resistance, rot immunity, AC +4
a: no special abilities


You were on level 4 of the Dungeon.
You were not hungry.

You visited 1 branch of the dungeon, and saw 4 of its levels.

You collected 211 gold pieces.

Inventory:

Hand Weapons
 a - a +0 flail (weapon)
Armour
 b - a +0 scale mail (worn)
 c - a +1 shield (worn)
 g - a +0 helmet (worn)
 h - a +0 cloak (worn)
 l - a +0 pair of boots (worn)
 n - a +0 plate armour
Potions
 d - a potion of might
 e - a potion of berserk rage
 i - a potion of cancellation
 k - 2 potions of curing {unknown}
 o - a potion of haste {unknown}
Comestibles
 f - 2 bread rations
 m - a chunk of flesh


   Skills:
 - Level 3.2 Fighting
 * Level 4.6 Maces & Flails
 - Level 3.2 Armour
 + Level 4.4 Shields


You had 4 spell levels left.
You didn't know any spells.

Dungeon Overview and Level Annotations

Branches:
Dungeon (4/15)
 Temple: D:4-7

Altars:
Fedhas
Yredelemnul


Innate Abilities, Weirdness & Mutations

You are resistant to torment.
Your stone body is resilient. (AC +4)
You are immune to poison.
You resist negative energy. (rN+)
You are resistant to electric shocks. (rElec)
You can survive without breathing.
You are immune to petrification.
You are immune to rotting.


Message History

The orc wizard flickers and vanishes!
Deactivating autopickup; reactivate with Ctrl-A.
You block the orc's attack.
There is an open door here.
There is a basalt altar of Yredelemnul here.
There is an open door here.
You are confused.
There is a stone staircase leading up here.
The orc hits you but does no damage.
In your confused state, you trip and fall back down the stairs.
The orc hits you with a falchion.
* * * LOW HITPOINT WARNING * * *
The orc hits you with a falchion.
* * * LOW HITPOINT WARNING * * *
In your confused state, you trip and fall back down the stairs.
* * * LOW HITPOINT WARNING * * *
Something hits you.
* * * LOW HITPOINT WARNING * * *
Unknown command.
Are you sure you want to abandon this character and quit the game? (Confirm with "yes".)

###..Zo##### .#
########Z..##o{...###...#
#......Oo########.......#
#.......## #####o###...#
#.....)## ###.Z_'.# .#
....... #...##### .......
#.o..# .. ..?..... #.oo.#
.. ........ #.@.<# .o
.....#.# #....# ..
...#.#. #....# .o#.....#
.....# ........#. .#....#
#......... ..#....#
.)<...# #. ###.## ....S.#
.. .# ...O......


You could see 3 orcs and a quokka skeleton.

Vanquished Creatures
  An orc priest (D:4)
  Terence (D:2)
  A gnoll (D:1)
  2 adders
  A dart slug (D:3)
  3 leopard geckos
  2 ball pythons
  8 bats
  4 giant cockroaches
  3 goblins
  5 hobgoblins
  12 jackals
  10 kobolds
  A quokka (D:3)
  5 frilled lizards
  6 rats
65 creatures vanquished.

Notes
Turn   | Place    | Note
-------+----------+-------------------------------------------
     0 | D:1      | Ordine the Gargoyle Fighter began the quest for the Orb.
     0 | D:1      | Reached XP level 1. HP: 14/14 MP: 1/1
    12 | D:1      | Reached XP level 2. HP: 10/19 MP: 2/2
   539 | D:1      | Reached XP level 3. HP: 23/23 MP: 3/3
  1054 | D:2      | Found a blossoming altar of Fedhas.
  1435 | D:2      | Reached XP level 4. HP: 28/28 MP: 4/4
  1572 | D:2      | Noticed Terence
  1581 | D:2      | Killed Terence
  2608 | D:4      | Noticed an ogre
  2615 | D:3      | Reached XP level 5. HP: 26/32 MP: 5/5
  2674 | D:4      | Found a basalt altar of Yredelemnul.
  2734 | D:4      | Quit the game

Vault maps used:
D:1:      ncdulo_lavacross, minmay_surrounded
D:2:      first_bread, fedhas_altar_2, uniq_terence
D:3:      serial_bayou_crossing
D:4:      kennysheep_mini, nicolae_ashenzari_panopticon

Skill      XL: |  1  2  3  4 |
---------------+-------------+-----
Maces & Flails | 3 4 |  4.6
Shields        | 4 |  4.4
Fighting       | |  3.2
Armour         | |  3.2

Action                   |  1- 3 |  4- 6 || total
-------------------------+-------+-------++-------
Melee: Flail             |   118 |   128 ||   246
  Use: Scroll            |     8 |     2 ||    10
       Potion            |       |     1 ||     1
  Eat: Chunk             |     2 |     4 ||     6
Armor: Scale mail        |    56 |    76 ||   132
Dodge: Dodged            |    39 |    40 ||    79
Block: Shield            |    68 |    93 ||   161
